 Dungeon Crawl Stone Soup version 0.32-a0-391-gce5c0aab1b (webtiles) character file.

Game seed: 5300409593472820779

452 zenocrate the Sneak (level 7, -1/47 HPs)
             Began as an Octopode Delver on Feb 20, 2024.
             Slain by a gnoll
             ... wielding a +0 halberd
             ... led by a gnoll bouda
              (13 damage)
             ... on level 5 of the Dungeon.
             The game lasted 00:03:24 (2578 turns).

zenocrate the Sneak (Octopode Delver)               Turns: 2578, Time: 00:03:24

Health: -1/47      AC:  1    Str: 14    XL:     7   Next: 5%
Magic:  7/7        EV: 13    Int: 12    God:
Gold:   86         SH:  0    Dex: 13    Spells: 3/6 levels left

rFire   . .          .
                       - Unarmed
rCold   . . .        (no shield)
rNeg    . . .        i - melded +2 hat
rPois   .            (no amulet)
rElec   .            (no ring)
rCorr   .            (no ring)
SInv    .            (no ring)
Will    .....        (no ring)
Stlth   ++++         (no ring)
HPRegen 0.27/turn    (no ring)
MPRegen 0.10/turn    (no ring)
                     (no ring)

%: no passive effects
@: beast-form, weakened, hasted, very quick
A: beast (slay +1), almost no armour, amphibious, 8 rings, camouflage 1,
gelatinous body 1, (nimble swimmer 1), tentacles
a: Begin Untransformation


You were on level 5 of the Dungeon.
You were a hulking beast.
You visited 2 branches of the dungeon, and saw 6 of its levels.

You collected 86 gold pieces.

Inventory:

Missiles
 m - 4 poisoned darts (quivered)
Armour
 i - a +2 hat (melded)
Talismans
 f - a storm talisman
 p - a beast talisman (active)
Wands
 e - a wand of digging (3)
Scrolls
 a - 3 scrolls of fog
 b - a scroll of revelation
 c - a scroll of fear
 g - a scroll of brand weapon {unknown}
 h - a scroll of torment {unknown}
 k - a scroll of noise {unknown}
 o - 2 scrolls of teleportation {unknown}
 q - a scroll of immolation {unknown}
 r - a scroll of poison {unknown}
 t - a scroll of amnesia {unknown}
Potions
 d - a potion of haste
 j - a potion of curing
 l - a potion of attraction
 n - a potion of ambrosia
 s - a potion of might
 u - a potion of degeneration {unknown}


   Skills:
 + Level 3.6 Fighting
 + Level 2.9 Dodging
 - Level 6.6 Stealth
 + Level 5.2 Unarmed Combat
 - Level 0.3 Necromancy
 * Level 2.8 Evocations
 + Level 2.2 Shapeshifting


You had 3 spell levels left.
You knew the following spells:

 Your Spells              Type           Power      Damage    Failure   Level
a - Fugue of the Fallen   Necr           0%         N/A       65%         3

Your spell library contained the following spells:

 Spells                   Type           Power      Damage    Failure   Level
 Magic Dart               Conj           0%         1d3       32%         1
 Ensorcelled Hibernation  Hex/Ice        0%         N/A       45%         2
 Searing Ray              Conj           0%         2d4       45%         2
 Anguish                  Hex/Necr       0%         N/A       97%         4
 Fulminant Prism          Conj/Alch      0%         3d5       97%         4


Dungeon Overview and Level Annotations

Branches:
Dungeon (5/15)             Temple (1/1) D:5

Altars:
Ashenzari
Cheibriados
Elyvilon
Hepliaklqana
Kikubaaqudgha
Makhleb
Nemelex Xobeh
Uskayaw
Vehumet
Wu Jian
Xom
The Shining One


Innate Abilities, Weirdness & Mutations

You are a hulking beast.
Your limbs bulge with bestial killing power. (Slay +1)
You cannot wear most types of armour.
You are amphibious.
You can wear up to eight rings at the same time.
Your skin changes colour to match your surroundings (Stealth+).
Your rubbery body absorbs attacks. (AC +1, EV +1)
((You are camouflaged when in or above water. (Stealth+)))
You have tentacles for arms and can constrict up to eight enemies at once.


Message History

The ogre is heavily wounded.
The gnoll shouts!
A gnoll comes into view. It is wielding a +0 halberd.
The gnoll bouda shouts!
You tentacle-slap the ogre. Your squeeze misses the ogre.
The ogre is severely wounded.
The ogre barely misses you.
The gnoll bouda barks out a call to the hunt!
The gnolls pick up the pace!
A gnoll comes into view. It is wielding a +0 whip.
You tentacle-slap the ogre.
The ogre is almost dead.
The ogre hits you with a +0 giant club!
You tentacle-slap the ogre but do no damage.
Your squeeze misses the ogre.
The ogre is almost dead.
You tentacle-slap the ogre. Your squeeze misses the ogre.
The ogre is almost dead.
The ogre closely misses you.
Unknown command.
You tentacle-slap the ogre.
You kill the ogre!
The gnoll hits you from afar with a +0 spear.
You have reached level 7!
The gnoll hits you from afar with a +0 spear.
The gnoll bouda gazes fiercely through you!
You feel your attacks grow feeble. The gnoll misses you.
The gnoll attacks as it pursues you! The gnoll hits you with a +0 flail!
* * * LOW HITPOINT WARNING * * *
Unknown command.
You tentacle-slap the gnoll. You grab the gnoll.
You tentacle-slap the gnoll, but do no damage.
The gnoll is lightly wounded.
You constrict the gnoll.
The gnoll struggles to escape constriction.
Unknown command.
You feel yourself speed up.
You constrict the gnoll.
The gnoll hits you from afar with a +0 halberd!
You die...

.......# ....
......# .... .....#
..... ....# .....
... ......
#.###g....
########.#g).#####
.......hggg.......
#.#######.##........
#
....................
..######
#####...#####.....
.....#.# # ###.###
#####
#.....<#.###...#
######.#.##..###
.........##.##
######.####.#


You could see a gnoll bouda and 4 gnolls.

Vanquished Creatures
  2 ogres
  A scorpion (D:3)
  6 adders
  5 orcs (D:3)
  7 bats
  10 endoplasms
  5 giant cockroaches
  11 goblins
  8 hobgoblins
  7 jackals (D:1)
  5 quokkas
  11 ball pythons
  4 frilled lizards
  7 kobolds
  9 rats
98 creatures vanquished.

Notes
Turn   | Place    | Note
-------+----------+-------------------------------------------
     0 | D:5      | zenocrate the Octopode Delver began the quest for the Orb.
     0 | D:5      | Reached XP level 1. HP: 16/16 MP: 1/1
     0 | D:5      | Found a staircase to the Ecumenical Temple.
    14 | Temple   | Entered the Ecumenical Temple
   111 | D:4      | Reached XP level 2. HP: 18/21 MP: 2/2
   127 | D:3      | Found an ornate altar of the Wu Jian Council.
   182 | D:3      | Reached XP level 3. HP: 26/26 MP: 3/3
   427 | D:1      | Reached XP level 4. HP: 30/31 MP: 4/4
   437 | D:1      | Learned a level 3 spell: Fugue of the Fallen
  1004 | D:2      | Reached XP level 5. HP: 24/36 MP: 5/5
  1012 | D:2      | Reached skill level 1 in Shapeshifting
  1018 | D:2      | Reached skill level 1 in Evocations
  1774 | D:3      | Identified the +1 pair of gloves of Divine Compulsion
                  | {rElec rCorr}
  1785 | D:3      | Reached XP level 6. HP: 40/42 MP: 6/6
  1884 | D:3      | Found a burning altar of Makhleb.
  1918 | D:3      | Reached skill level 5 in Unarmed Combat
  2574 | D:5      | Reached XP level 7. HP: 29/47 MP: 7/7
  2578 | D:5      | Slain by a gnoll

Illustrated notes

Levels and vault maps discovered:
D:1:      dpeg_arrival_simpleton_b, layout_rooms
D:2:      layout_basic, corexii_shack
D:3:      layout_basic, nicolae_wu_jian_wuxing_cycle, bloody_makhleb
D:4:      layout_rooms, grunt_dithmenos_smoke_and_mirrors,
          kennysheep_little_box, serial_shops, shop
D:5:      layout_basic, old_standard_altar, gammafunk_temple_overflow_forgotten,
          minmay_temple_entry_trees, hangedman_minor_gate_pass
Temple:   cyrus_temple_forest

Skill      XL: |  1  2  3  4  5  6 |
---------------+-------------------+-----
Unarmed Combat | 3 4 5 |  5.2
Shapeshifting  | 1 2 |  2.2
Evocations     | 1 2 |  2.8
Fighting       | |  3.6
Dodging        | |  2.9
Stealth        | |  6.6
Necromancy     | |  0.3

Action                     |  1- 3 |  4- 6 |  7- 9 || total
---------------------------+-------+-------+-------++-------
  Melee: Unarmed           |    45 |   120 |     1 ||   166
         Constrict         |    15 |    19 |     1 ||    35
         Tentacles         |    11 |    23 |       ||    34
         Punch             |       |     1 |     1 ||     2
    Use: Potion            |       |     1 |     1 ||     2
         Scroll            |       |     3 |       ||     3
   Stab: Sleeping          |     6 |    19 |       ||    25
 Armour: Skin              |    16 |    51 |     3 ||    70
  Dodge: Dodged            |    28 |    60 |     1 ||    89
   Form: Beast             |       |     1 |       ||     1

Table legend: (Time is in decaauts)
 A = Elapsed time spent in this place.
 B = Non-inter-level travel time spent in this place.
 C = Inter-level travel time spent in this place.
 D = Time resting spent in this place.
 E = Time spent auto-exploring this place.
 F = Levels seen in this place.
 G = Mean time per level.
                   A        B        C        D        E       F      G
               +--------+--------+--------+--------+--------+-----+--------+
         Total |   2565 |   2466 |     99 |      0 |   1901 |   6 |  427.5 |
       Dungeon |   2561 |   2464 |     97 |      0 |   1901 |   5 |  512.2 |
        Temple |      4 |      2 |      2 |      0 |      0 |   1 |    4.0 |
               +--------+--------+--------+--------+--------+-----+--------+

Top non-repeatable levels by time:
     D:2: 921 daAuts
     D:3: 850 daAuts
     D:1: 502 daAuts
     D:4: 202 daAuts
     D:5: 84 daAuts
  Temple: 4 daAuts
